 Dungeon Crawl Stone Soup version 0.31-a0-345-g1ebeae05c6 (webtiles) character file.

Game seed: 7793044542672164375

2324 dinky3 the Mimic (level 9, 48/48 HPs)
             Began as a Spriggan Shapeshifter on July 23, 2023.
             Quit the game in the Ecumenical Temple on July 24, 2023.
             The game lasted 00:29:55 (6335 turns).

dinky3 the Mimic (Spriggan Shapeshifter)            Turns: 6335, Time: 00:29:55

Health: 48/48      AC:  5    Str: 11    XL:     9   Next: 19%
Magic:  10/10      EV: 25    Int:  9    God:
Gold:   296        SH:  0    Dex: 26    Spells: 8/8 levels left

rFire   . . .        a - +0 sling
rCold   . . .        (no shield)
rNeg    . . .        K - +0 steam dragon scales
rPois   .            (helmet currently unavailable)
rElec   .            (cloak currently unavailable)
rCorr   .            (gloves unavailable)
SInv    +            (boots unavailable)
Will    +....        (no amulet)
Stlth   ++++         x - +6 ring of dexterity
HPRegen 0.28/turn    (no ring)
MPRegen 0.12/turn

%: no passive effects
@: beast-form, very quick
A: beast (slay +5), very small, no large weapons, unfitting armour, see
invisible, speed 3
a: Begin Untransformation


You were in the Ecumenical Temple.
You were a hulking beast.
You visited 2 branches of the dungeon, and saw 8 of its levels.

You collected 296 gold pieces.

Inventory:

Hand Weapons
 a - a +0 sling (weapon)
 b - a +0 dagger
 J - a +0 dagger of speed
Missiles
 k - a throwing net
Armour
 j - a +1 cloak
 I - +0 swamp dragon scales
 K - +0 steam dragon scales (worn)
Jewellery
 q - a ring of fire
 r - a ring of ice
 x - a +6 ring of dexterity (left hand)
Talismans
 c - a beast talisman
 n - a storm talisman
Wands
 y - a wand of flame (23)
 C - a wand of charming (10)
 H - a wand of acid (3)
Scrolls
 f - a scroll of fear
 h - a scroll of fog
 i - a scroll of teleportation
 o - a scroll of immolation
 p - 2 scrolls of amnesia
 t - 2 scrolls of poison {unknown}
 v - a scroll of revelation {unknown}
 A - 4 scrolls of blinking
 B - a scroll of acquirement {unknown}
 D - a scroll of noise
 E - 2 scrolls of torment {unknown}
 G - 2 scrolls of silence {unknown}
Potions
 d - 2 potions of mutation {unknown}
 e - 3 potions of attraction {unknown}
 g - a potion of heal wounds {unknown}
 l - 5 potions of curing
 m - a potion of lignification
 s - 2 potions of degeneration {unknown}
 u - a potion of haste {unknown}
 w - 2 potions of cancellation {unknown}
 z - 3 potions of might {unknown}
 F - a potion of brilliance {unknown}
 L - a potion of invisibility {unknown}


   Skills:
 + Level 5.7 Fighting
 - Level 1.1 Short Blades
 - Level 4.0 Ranged Weapons
 + Level 7.6 Dodging
 - Level 5.4 Stealth
 - Level 2.4 Unarmed Combat
 + Level 8.1 Shapeshifting


You had 8 spell levels left.
You didn't know any spells.
Your spell library contained the following spells:

 Spells                   Type           Power      Damage    Failure   Level
 Freeze                   Ice            0%         1d3       38%         1
 Magic Dart               Conj           0%         1d3       38%         1
 Searing Ray              Conj           0%         2d4       52%         2
 Frozen Ramparts          Ice            0%         1d1       77%         3
 Hailstorm                Conj/Ice       0%         3d3       77%         3
 Inner Flame              Hex/Fire       0%         N/A       77%         3
 Vhi's Electric Charge    Tloc/Air       0%         N/A       77%         3
 Flame Wave               Conj/Fire      0%         2d4       99%         4
 Fulminant Prism          Conj/Hex       0%         3d5       99%         4
 Sticky Flame             Conj/Fire      0%         2d3       99%         4
 Arcjolt                  Conj/Air       0%         1d10      100%        5
 Malign Gateway           Summ/Tloc      0%         N/A       100%        7
 Maxwell's Capacitive Co  Air            0%         ∞         100%        8
 Summon Horrible Things   Summ           0%         N/A       100%        8


Dungeon Overview and Level Annotations

Branches:
Dungeon (7/15) Zot: 25730  Temple (1/1) D:7 Zot: 5906

Altars:
Cheibriados
Elyvilon
Fedhas
Gozag
Hepliaklqana
Kikubaaqudgha
Makhleb
Nemelex Xobeh
Okawaru
Qazlal
Ru
Sif Muna
Trog
Uskayaw
Vehumet
Wu Jian
Yredelemnul
Zin
The Shining One

Annotations:
D:5 1 exclusion
D:6 exclusions: door and 2 downstairs
D:7 1 exclusion, Joseph


Innate Abilities, Weirdness & Mutations

You are a hulking beast.
Your limbs bulge with bestial killing power. (Slay +5)
You are very small and have problems with some larger weapons.
You are too small for most types of armour.
You have supernaturally acute eyesight. (SInv)
You cover ground extremely quickly. (Speed+++)


Message History

The scorpion is heavily wounded.
You feel sick.
You feel sick.
You shoot a sling bullet.
The sling bullet hits the scorpion but does no damage.
The scorpion is heavily wounded.
You feel sick. The scorpion misses you.
You feel sick.
You feel sick.
You are no longer poisoned.
You shoot a sling bullet. The sling bullet hits the scorpion.
The scorpion is heavily wounded.
You shoot a sling bullet. The sling bullet hits the scorpion!
You kill the scorpion!
Found a fuming grey potion.
There is a staircase to the Ecumenical Temple here.
There is a dry fountain here.
L - a fuming grey potion
There is a dry fountain here.
Joseph shouts!
Joseph shoots a sling bullet.
The sling bullet hits you!
Joseph shoots a sling bullet.
The sling bullet closely misses you.
There is a staircase to the Ecumenical Temple here.
Joseph shoots a sling bullet.
The sling bullet barely misses you.
You climb downwards.
Welcome to the Ecumenical Temple!
Found a white marble altar of Elyvilon.
Found a staircase back to the Dungeon.
There is a staircase back to the Dungeon here.
You start resting.
HP restored.
Found a sacrificial altar of Ru.
Okay, then.
It was a potion of curing.
You feel better.
Okay, then.
There is a white marble altar of Elyvilon here.
Found a snail-covered altar of Cheibriados.
There is a sacrificial altar of Ru here.
Saving game... please wait.
Welcome back, dinky3 the Spriggan Shapeshifter.
Press ? for a list of commands and other information.
Are you sure you want to abandon this character and quit the game? (Confirm with "yes".)

#.....# #.....# #.._..#
##.....## ##.......##
#####...###...#####
#......## ##......#
#.....## ##.....# #.._..#
#..h..# ##.....# #.....##
#......# #......##
...###############...#####
..## #.....# ##......# .##
#.....# ##.....# .#
#.._..# #.._..# .#
##.....## #.....## .#
##.......## #......##


There were no monsters in sight!

Vanquished Creatures
  The ghost of Newt the Trooper, a novice DsGl of Gozag (D:6)
  A steam dragon (D:6)
  A water moccasin (D:6)
  An orc warrior (D:7)
  A sky beast (D:6)
  A phantom (D:5)
  3 scorpions
  4 wights
  3 jellies
  A hound (D:6)
  2 orc priests (D:7)
  A gnoll bouda (D:6)
  3 sleepcaps
  4 iguanas
  15 gnolls
  5 adders
  2 white imps
  An ufetubus (D:4)
  A worm (D:4)
  4 dart slugs
  11 orcs
  3 bats
  5 endoplasms
  3 giant cockroaches (D:1)
  7 goblins
  6 hobgoblins
  5 jackals
  3 quokkas
  3 ball pythons
  5 frilled lizards (D:1)
  4 kobolds
  5 rats
115 creatures vanquished.

Vanquished Creatures (collateral kills)
  Maggie (D:7)
1 creature vanquished.

Vanquished Creatures (others)
  A steam dragon (D:7)
  An orc warrior (D:7)
  A gnoll (D:7)
3 creatures vanquished.

Grand Total: 119 creatures vanquished

Notes
Turn   | Place    | Note
-------+----------+-------------------------------------------
     0 | D:1      | dinky3 the Spriggan Shapeshifter began the quest for the
                  | Orb.
     0 | D:1      | Reached XP level 1. HP: 9/9 MP: 2/2
    53 | D:1      | Reached skill level 1 in Stealth
   373 | D:1      | Reached XP level 2. HP: 14/14 MP: 3/3
   599 | D:1      | Reached XP level 3. HP: 17/17 MP: 4/4
   969 | D:2      | Reached skill level 1 in Fighting
   969 | D:2      | Reached skill level 5 in Stealth
  1868 | D:4      | Reached XP level 4. HP: 22/22 MP: 5/5
  1895 | D:4      | Reached skill level 1 in Short Blades
  2011 | D:4      | Found a stormy altar of Qazlal.
  2233 | D:4      | Noticed a water moccasin
  2668 | D:4      | Reached skill level 1 in Ranged Weapons
  2668 | D:4      | Reached XP level 5. HP: 21/26 MP: 6/6
  2811 | D:5      | Entered Level 5 of the Dungeon
  3014 | D:5      | Reached XP level 6. HP: 26/32 MP: 7/7
  3076 | D:5      | Reached skill level 5 in Shapeshifting
  3715 | D:6      | Reached XP level 7. HP: 36/36 MP: 8/8
  3728 | D:6      | Noticed a steam dragon
  3928 | D:6      | Found an ornate altar of the Wu Jian Council.
  4184 | D:6      | Found a runed translucent door.
  4185 | D:6      | Noticed Newt's ghost (novice DsGl)
  4589 | D:6      | Killed a steam dragon
  4590 | D:6      | Reached skill level 6 in Shapeshifting
  4806 | D:7      | Noticed Joseph
  4931 | D:7      | Reached XP level 8. HP: 36/42 MP: 9/9
  4964 | D:7      | Reached skill level 5 in Dodging
  5122 | D:7      | Noticed Maggie
  5133 | D:7      | Killed Maggie
  5134 | D:7      | Reached skill level 7 in Shapeshifting
  5302 | D:6      | Reached skill level 5 in Fighting
  5479 | D:6      | Killed Newt's ghost
  5480 | D:6      | Reached XP level 9. HP: 22/47 MP: 10/10
  5887 | D:6      | Reached skill level 8 in Shapeshifting
  6189 | D:7      | Found a staircase to the Ecumenical Temple.
  6236 | Temple   | Entered the Ecumenical Temple
  6335 | Temple   | Quit the game

Illustrated notes

Levels and vault maps discovered:
D:1:      lightli_arrival_quake, layout_loops_ring, minmay_tetromino_i2
D:2:      layout_basic
D:3:      layout_basic, jmf_multi_god_temple,
          amcnicky_mini_rare_corridor_liquid, minmay_shallow_snake_nest
D:4:      layout_gridville, mainiacjoe_overflow_tiny_flanked
D:5:      layout_loops_cross
D:6:      dreamdust_elfheim, layout_loops_corners,
          nicolae_overflow_crystal_walls, gammafunk_ghost_grave
D:7:      layout_basic, minmay_temple_entry_junction, uniq_joseph, uniq_maggie
Temple:   minmay_crystal_spiral_temple

Skill      XL: |  1  2  3  4  5  6  7  8  9 |
---------------+----------------------------+-----
Stealth        | 3 4 5 |  5.4
Fighting       | 1 2 3 4 5 |  5.7
Short Blades   | 1 |  1.1
Ranged Weapons | 1 2 3 4 |  4.0
Shapeshifting  | 5 6 7 8 |  8.1
Dodging        | 4 7 |  7.6
Unarmed Combat | |  2.4

Action                     |  1- 3 |  4- 6 |  7- 9 || total
---------------------------+-------+-------+-------++-------
  Melee: Dagger            |     6 |    12 |     1 ||    19
   Fire: Sling             |    96 |   113 |   208 ||   417
  Evoke: Wand              |       |       |    15 ||    15
    Use: Scroll            |     3 |     5 |     1 ||     9
         Potion            |       |       |     1 ||     1
   Stab: Sleeping          |     2 |     6 |     1 ||     9
 Armour: Animal skin       |     5 |    10 |     3 ||    18
         Steam dragon scal |       |       |     1 ||     1
  Dodge: Dodged            |    22 |    52 |    45 ||   119
   Form: Storm             |     1 |       |       ||     1
         Beast             |     1 |       |       ||     1

Table legend: (Time is in decaauts)
 A = Elapsed time spent in this place.
 B = Non-inter-level travel time spent in this place.
 C = Inter-level travel time spent in this place.
 D = Time resting spent in this place.
 E = Time spent auto-exploring this place.
 F = Levels seen in this place.
 G = Mean time per level.
                   A        B        C        D        E       F      G
               +--------+--------+--------+--------+--------+-----+--------+
         Total |   4502 |   3883 |    619 |    669 |      7 |   8 |  562.8 |
       Dungeon |   4408 |   3789 |    619 |    584 |      7 |   7 |  629.7 |
        Temple |     94 |     94 |      0 |     85 |      0 |   1 |   94.0 |
               +--------+--------+--------+--------+--------+-----+--------+

Top non-repeatable levels by time:
     D:6: 1322 daAuts
     D:7: 673 daAuts
     D:4: 652 daAuts
     D:1: 523 daAuts
     D:5: 496 daAuts
     D:2: 409 daAuts
     D:3: 330 daAuts
  Temple: 94 daAuts
